AoeStats
← Emden

Arabia

510858261Analyzed
1v1 RM · 15h ago on Oct 2, 2026· 27m 14s· 2 players
Game mode
Random Map
Map size
Tiny (2 player)
Population
200
Speed
Normal
Resources
Standard
Victory
Conquest
Starting age
Dark Age
Ending age
Imperial Age
RankedLock teamsTeams togetherTeam positionsShared explorationLock speedFull tech treeHidden civsTurbo modeCheats
Victory
Defeat
🇺🇸 Britons · United States
711
+18
🇮🇳 Malay · India
747
-18
Emden
10:33 Feudal Age
9:41 Loom
12:12 Arson
15:41 Padded Archer Armor
16:29 Fletching
21:15 Horse Collar
25:59 Castle Age
26:00 Crossbowman
26:48 Bodkin Arrow
27:08 Leather Archer Armor
27:45 Wheelbarrow
darCwader
5:57 Loom
10:53 Feudal Age
20:20 Castle Age
20:44 Double-Bit Axe
Connection lost

Rejoining the realm…

Still unreachable

The connection could not be restored.

Session expired

The server has moved on; the page needs a fresh start.